 Dungeon Crawl Stone Soup version 0.30-a0-359-gd0147acb1a (webtiles) character file.

Game seed: 7710229554127885192

34 LnG the Caller (level 3, 0/19 HPs)
             Began as a Kobold Summoner on Nov 12, 2022.
             Succumbed to an adder's poison
             ... on level 2 of the Dungeon.
             The game lasted 00:02:33 (1164 turns).

LnG the Caller (Kobold Summoner)                    Turns: 1164, Time: 00:02:34

Health: 0/19       AC:  2    Str:  5    XL:     3   Next: 50%
Magic:  14/15      EV: 15    Int: 18    God:
Gold:   27         SH:  0    Dex: 15    Spells: 3/6 levels left

rFire   . . .      SeeInvis +    f - +0 dagger
rCold   . . .      Faith    .    (no shield)
rNeg    . . .      Spirit   .    a - +0 robe
rPois   .          Reflect  .    (no helmet)
rElec   .          Harm     .    (no cloak)
rCorr   .          Rampage  .    (no gloves)
Will    .....                    (no boots)
Stlth   +++.......               (no amulet)
HPRegen 0.23/turn                h - ring of magical power
MPRegen 0.14/turn                i - ring of see invisible

@: lethally poisoned (0 -> -1), flying
A: small, no large weapons, nightstalker 3, noise suppression
a: no special abilities


You were on level 2 of the Dungeon.
You visited 1 branch of the dungeon, and saw 2 of its levels.

You collected 27 gold pieces.

Inventory:

Hand Weapons
 f - a +0 dagger (weapon)
Armour
 a - a +0 robe (worn)
Jewellery
 h - a ring of magical power (left hand)
 i - a ring of see invisible (right hand)
 k - a +6 ring of strength
Scrolls
 c - a scroll of teleportation
 j - a scroll of magic mapping
Potions
 b - a potion of magic


   Skills:
 * Level 2.8 Dodging
 * Level 3.7 Stealth
 + Level 2.4 Spellcasting
 + Level 4.4 Summonings


You had 3 spell levels left.
You knew the following spells:

 Your Spells              Type           Power      Damage    Failure   Level
a - Summon Small Mammal   Summ           72%        N/A       2%          1
b - Call Imp              Summ           18%        N/A       4%          2

Your spell library contained the following spells:

 Spells                   Type           Power      Damage    Failure   Level
 Call Canine Familiar     Summ           18%        N/A       9%          3
 Summon Guardian Golem    Hex/Summ       10%        N/A       22%         3
 Blink                    Tloc           4%         N/A       26%         2
 Dazzling Flash           Conj/Hex       4%         N/A       45%         3
 Summon Lightning Spire   Summ/Air       10%        N/A       56%         4
 Manifold Assault         Tloc           2%         N/A       86%         4
 Agony                    Necr           2%         N/A       99%         5
 Silence                  Hex/Air        1%         N/A       99%         5
 Storm Form               Tmut/Air       1%         N/A       100%        7


Dungeon Overview and Level Annotations

Branches:
Dungeon (2/15)

Altars:


Innate Abilities, Weirdness & Mutations

You are small and have problems with some larger weapons.
You are completely attuned to the shadows.
You passively dampen the noise of your surroundings.


Message History

You barely miss the adder.
The adder is almost dead.
The adder barely misses you.
You hit the adder but do no damage.
The adder is almost dead.
The adder barely misses you. The adder bites you.
You are poisoned.
The adder poisons you!
Your crimson imp hits the dart slug.
You hit the adder.
You kill the adder!
You feel sick. The dart slug launches a dart at you. The slug dart hits you.
* * * LOW HITPOINT WARNING * * *
Your crimson imp hits the dart slug.
There is a lethal amount of poison in your body!
It was a potion of flight.
You feel very buoyant.
You fly up into the air.
* * * LOW HITPOINT WARNING * * *
You feel sick.
Your crimson imp hits the dart slug.
It was a potion of mutation.
You feel extremely strange.
You feel your surroundings grow quieter.
* * * LOW HITPOINT WARNING * * *
You feel sick. The dart slug misses you.
Your crimson imp hits the dart slug.
You hit the dart slug.
You kill the dart slug!
* * * LOW HITPOINT WARNING * * *
You feel sick.
As you read the scroll labelled HATICS IPYDDO, it crumbles to dust.
It is a scroll of identify.
c - a scroll of teleportation
* * * LOW HITPOINT WARNING * * *
You feel sick.
As you read the scroll of identify, it crumbles to dust.
j - a scroll of magic mapping
* * * LOW HITPOINT WARNING * * *
You feel sick.
Unknown command.
You die...

##.. #.
...# #.
#..#
#.####.>###
#....5@..[.
#.....###.
#.##.##
####.##.#
....<##.#
#######.#


You could see a friendly crimson imp (summoned).

Vanquished Creatures
  An adder (D:2)
  A dart slug (D:2)
  An endoplasm (D:1)
  A hobgoblin (D:1)
  2 ball pythons (D:1)
  A frilled lizard (D:1)
  2 rats (D:1)
9 creatures vanquished.

Vanquished Creatures (collateral kills)
  A dart slug (D:1)
  A bat (D:1)
  An endoplasm (D:1)
  A hobgoblin (D:1)
  3 jackals (D:1)
  2 kobolds (D:1)
  2 ball pythons (D:1)
11 creatures vanquished.

Grand Total: 20 creatures vanquished

Notes
Turn   | Place    | Note
-------+----------+-------------------------------------------
     0 | D:1      | LnG the Kobold Summoner began the quest for the Orb.
     0 | D:1      | Reached XP level 1. HP: 10/10 MP: 3/3
   178 | D:1      | Reached XP level 2. HP: 8/15 MP: 1/5
   181 | D:1      | Learned a level 2 spell: Call Imp
   631 | D:1      | Reached XP level 3. HP: 19/19 MP: 6/6
  1160 | D:2      | Gained mutation: You passively dampen the noise of your
                  | surroundings. [potion of mutation]
  1164 | D:2      | Succumbed to an adder's poison

Illustrated notes

Levels and vault maps discovered:
D:1:      mainiacjoe_arrival_reflecting_pool, layout_basic, minmay_octomino_e4
D:2:      layout_loops_cross, serial_shops, shop

Skill      XL: |  1  2 |
---------------+-------+-----
Stealth        | 3 |  3.7
Dodging        | |  2.8
Spellcasting   | |  2.4
Summonings     | |  4.4

Action                   || total
-------------------------++-------
Melee: Unarmed           ||    27
       Dagger            ||    28
 Cast: Summon Small Mamm ||     4
       Call Imp          ||     6
  Use: Scroll            ||     2
       Potion            ||     2
 Stab: Distracted        ||     1
       Sleeping          ||     7
Armor: Robe              ||     5
Dodge: Dodged            ||    53

Table legend: (Time is in decaauts)
 A = Elapsed time spent in this place.
 B = Non-inter-level travel time spent in this place.
 C = Inter-level travel time spent in this place.
 D = Time resting spent in this place.
 E = Time spent auto-exploring this place.
 F = Levels seen in this place.
 G = Mean time per level.
                   A        B        C        D        E       F      G
               +--------+--------+--------+--------+--------+-----+--------+
         Total |   1162 |   1122 |     40 |      0 |    877 |   2 |  581.0 |
       Dungeon |   1162 |   1122 |     40 |      0 |    877 |   2 |  581.0 |
               +--------+--------+--------+--------+--------+-----+--------+

Top non-repeatable levels by time:
     D:1: 1140 daAuts
     D:2: 21 daAuts
